 Dungeon Crawl Stone Soup version 0.28.0 (webtiles) character file.

Game seed: 4216800371468505781

24353 Ayyar the Cleaver (level 13, -2/110 (118) HPs)
             Began as a Hill Orc Monk on Apr 20, 2022.
             Was a High Priest of Beogh.
             Slain by a bone dragon (23 damage)
             ... on level 4 of the Abyss.
             The game lasted 00:49:14 (15446 turns).

Ayyar the Cleaver (Hill Orc Monk)                  Turns: 15446, Time: 00:49:15

HP:   -2/110 (118)  AC: 13    Str: 28    XL:     13   Next: 12%
MP:   31/31         EV: 11    Int: 10    God:    Beogh [*****.]
Gold: 787           SH: 11    Dex: 13    Spells: 12/12 levels left

rFire   + + +      SeeInvis .   a - +1 war axe
rCold   . . .      Faith    .   Q - +0 kite shield
rNeg    . . .      Spirit   .   i - +1 leather armour "Otaveh" {rF++ MP+9 Slay+2 Stlth+}
rPois   .          Reflect  .   q - +2 helmet
rElec   .          Harm     .   (no cloak)
rCorr   +          Rampage  .   c - +1 pair of gloves {infuse}
Will    .....                   n - +1 pair of boots
Stlth   +++.......              w - amulet of regeneration
HPRegen 0.00/turn               R - +6 ring of strength
MPRegen 0.22/turn               k - ring of Gotit {rF+ rCorr Str+3}

@: marked, sick, drained
A: walk on water
a: Renounce Religion, Smiting, Recall Orcish Followers, Give Item to Named
Follower


You were on level 4 of the Abyss.
You worshipped Beogh.
Beogh was extremely pleased with you.
You visited 1 branch of the dungeon, and saw 14 of its levels.
You visited the Abyss 1 time.

You collected 891 gold pieces.
You spent 104 gold pieces at shops.

Inventory:

Hand Weapons
 a - a +1 war axe (weapon)
 z - the +6 dagger of Putrescence {speed, rPois rN+ rCorr}
   (You found it on level 5 of the Dungeon)

   Attacks with this weapon are significantly faster.
   rPois:     It protects you from poison.
   rN:        It protects you from negative energy.
   rCorr:     It protects you from acid and corrosion.
 H - a +4 battleaxe
 T - a +5 long sword
Missiles
 h - 2 atropa-tipped darts
 u - 48 poisoned darts (quivered)
 U - 3 boomerangs
Armour
 c - a +1 pair of gloves of infusion (worn)
 i - the +1 leather armour "Otaveh" (worn) {rF++ MP+9 Slay+2 Stlth+}
   (You found it on level 3 of the Dungeon)

   Slay:      It affects your accuracy & damage with ranged weapons and melee
   (+2).
   rF:        It greatly protects you from fire.
   MP:        It affects your magic capacity (+9).
   Stlth:     It makes you more stealthy.
 n - a +1 pair of boots (worn)
 q - a +2 helmet (worn)
 Q - a +0 kite shield (worn)
 W - a +2 chain mail of fire resistance
Jewellery
 k - the ring of Gotit (right hand) {rF+ rCorr Str+3}
   (You found it on level 9 of the Dungeon)

   [ring of resist corrosion]

   Str:       It affects your strength (+3).
   rF:        It protects you from fire.
   rCorr:     It protects you from acid and corrosion.
 s - a +4 ring of evasion
 w - an amulet of regeneration (around neck)
 x - a ring of see invisible
 G - a ring of flight
 R - a +6 ring of strength (left hand)
Wands
 l - a wand of digging (1)
 r - a wand of iceblast (13)
 t - a wand of charming (9)
 L - a wand of flame (11)
 P - a wand of mindburst (5)
 V - a wand of polymorph (5)
Scrolls
 b - 4 scrolls of amnesia {unknown}
 d - 2 scrolls of fog {unknown}
 e - 5 scrolls of teleportation
 f - 2 scrolls of holy word {unknown}
 g - 8 scrolls of identify
 j - a scroll of noise {unknown}
 o - 4 scrolls of vulnerability
 v - 4 scrolls of blinking {unknown}
 y - 4 scrolls of immolation {unknown}
 A - 2 scrolls of enchant armour
 C - 2 scrolls of fear
 E - 4 scrolls of summoning
 F - a scroll of torment {unknown}
 I - a scroll of magic mapping {unknown}
 K - a scroll of enchant weapon {unknown}
Potions
 m - a potion of magic {unknown}
 p - 3 potions of mutation
 B - 6 potions of curing
 D - a potion of lignification {unknown}
 J - a potion of flight {unknown}
 M - 4 potions of attraction {unknown}
 N - a potion of degeneration {unknown}
 O - 3 potions of ambrosia {unknown}
 S - 2 potions of berserk rage {unknown}
 X - a potion of heal wounds


   Skills:
 + Level 12.2 Fighting
 + Level 13.3 Axes
 - Level 2.0 Throwing
 + Level 10.7 Armour
 - Level 3.0 Dodging
 - Level 2.0 Stealth
 + Level 10.4 Shields
 + Level 12.4 Invocations


You had 12 spell levels left.
You didn't know any spells.
Your spell library contained the following spells:

 Spells                   Type           Power      Damage    Failure   Level
 Magic Dart               Conj           0%         1d3       67%         1
 Shock                    Conj/Air       0%         1d3       67%         1
 Call Imp                 Summ           0%         N/A       80%         2
 Ensorcelled Hibernation  Hex/Ice        0%         N/A       80%         2
 Passwall                 Tmut/Erth      0%         N/A       80%         2
 Mephitic Cloud           Conj/Pois/Air  0%         N/A       95%         3
 Ozocubu's Armour         Ice            0%         N/A       95%         3
 Swiftness                Air            0%         N/A       95%         3
 Airstrike                Air            0%         N/A       100%        4
 Olgreb's Toxic Radiance  Pois           0%         N/A       100%        4
 Petrify                  Tmut/Erth      0%         N/A       100%        4
 Metabolic Englaciation   Hex/Ice        0%         N/A       100%        5
 Simulacrum               Ice/Necr       0%         N/A       100%        6
 Statue Form              Tmut/Erth      0%         N/A       100%        6
 Ozocubu's Refrigeration  Ice            0%         4d5       100%        7
 Ignition                 Fire           0%         3d3       100%        8


Dungeon Overview and Level Annotations

Branches:
Dungeon (14/15)            Temple (0/1) D:6            Lair (0/6) D:11
    Orc (0/2) D:9          Vaults (0/5) D:13

Altars:
Ashenzari
Dithmenos
Fedhas
Gozag
Makhleb
Okawaru
Ru
Trog
Wu Jian
Zin
The Shining One

Shops:
D:5 *   D:8 [   D:12 [

Annotations:
D:6 Blork the orc


Message History

You plunge deeper into the Abyss.
The abyssal rune of Zot can be found at this depth.
You start resting.
A hellion comes into view.
A worldbinder comes into view.
The worldbinder calls forth creatures from the Vaults!
The vault sentinel blows a loud note on a signal horn!
Strange energies crackle from the ironbound thunderhulk's apparatus.
The ironbound thunderhulk blinks!
You hear a bark!
The worldbinder calls forth creatures from the Vaults!
The vault sentinel disappears in a puff of smoke!
An orange demon comes into view.
The vault sentinel casts a spell at you.
A sentinel's mark forms upon you.
The vault sentinel blows a loud note on a signal horn!
The orange demon screeches!
Electricity crackles from the ironbound thunderhulk's apparatus.
The bolt of lightning hits you!!
* * * LOW HITPOINT WARNING * * *
A small abomination comes into view.
You hear a howl!
The vault sentinel blows a loud note on a signal horn!
The small abomination hits you.
* * * LOW HITPOINT WARNING * * *
A flying skull comes into view.
You block the worldbinder's attack. x2
Found a gateway leading deeper into the Abyss.
The worldbinder calls forth creatures from the Vaults!
You block the flying skull's attack.
A flying skull comes into view.
The vault sentinel blows a loud note on a signal horn!
The vault sentinel blows a loud note on a signal horn!
You block the flying skull's attack.
A raiju comes into view.
A bone dragon comes into view.
A large abomination comes into view.
The vault sentinel blows a loud note on a signal horn!
A smoke demon comes into view.
The bone dragon bites you!!
You die...

## #. #.# ## #
#D#.# . .
##.@#####
..#.##.......#
...#.##u##..# ###
#3.#zx.# .# #
###.. ##...z## ..
.....# # ##2..#.#
#.
#..#.##..#4##p.#..
#
....4..h....#u###
..4
...#..X####....#


You could see a bone dragon, a green very ugly thing (summoned), a vault
sentinel (summoned, catching breath), a worldbinder, a smoke demon and 2 flying
skulls.

Vanquished Creatures
  Erolcha (D:11)
  2 centaur warriors (D:14)
  3 two-headed ogres
  A large abomination (Abyss:3)
  An orb spider (shapeshifter) (D:13)
  2 ugly things (D:13)
  A salamander (shapeshifter) (D:13)
  2 manticores (D:14)
  A cyclops (D:13)
  A gargoyle (D:11)
  Psyche (D:9)
  A kobold demonologist (D:14)
  A troll (D:12)
  Grinder (D:6)
  6 slime creatures
  A shadow (D:11)
  4 yaks
  2 wraiths (D:13)
  A vampire mosquito (D:10)
  Grum (D:8)
  A steam dragon (D:8)
  2 acid dragons
  Duvessa (D:7)
  2 water moccasins
  A sky beast (D:7)
  2 orc warriors
  A black bear (D:4)
  An ogre (D:9)
  A necrophage (D:6)
  3 ice beasts (D:6)
  10 centaurs
  4 wolves (D:8)
  A phantom (D:5)
  2 lemures (D:5)
  4 kobold brigands
  A gnoll sergeant (D:12)
  2 bullfrogs
  4 scorpions
  Dowan (D:7)
  A howler monkey (D:12)
  3 wights (D:8)
  4 centaur zombies
  A centaur skeleton (D:7)
  3 orc priests
  5 jellies
  2 hounds (D:4)
  A bullfrog skeleton (D:5)
  Crazy Yiuf (D:5)
  An iguana (D:6)
  Ijyb (D:4)
  Terence (D:2)
  An orc wizard (D:8)
  2 howler monkey zombies
  Robin (D:3)
  10 gnolls
  6 adders
  2 shadow imps (D:6)
  2 white imps
  3 ufetubi
  3 worms
  5 dart slugs
  10 orcs
  6 endoplasms
  3 giant cockroaches
  16 goblins
  10 hobgoblins
  A jackal (D:3)
  5 quokkas
  6 ball pythons
  5 bats
  5 frilled lizards
  15 kobolds
  A quokka skeleton (D:4)
  7 rats
227 creatures vanquished.

Vanquished Creatures (collateral kills)
  A vault guard (D:13)
  4 boulder beetles
  A centaur warrior (D:14)
  A catoblepas (D:13)
  3 death yaks (D:11)
  Pikel (D:6)
  2 ugly things
  2 deep elf pyromancers
  A cyclops (D:12)
  A manticore (D:13)
  A gargoyle (D:13)
  An unseen horror (D:12)
  A kobold demonologist (D:14)
  An efreet (D:13)
  3 trolls
  2 hornets (D:9)
  14 slime creatures
  A shadow (D:12)
  2 basilisks (D:12)
  5 yaks
  A vampire (D:14)
  A steam dragon (D:8)
  3 vampire mosquitoes (D:10)
  2 acid dragons
  An orc warrior (D:9)
  2 ogres (D:9)
  5 centaurs
  3 kobold brigands
  A bullfrog (D:9)
  4 gnoll sergeants (D:9)
  A wyvern zombie (D:9)
  4 wights (D:10)
  4 centaur zombies
  5 gnolls
  2 howler monkey zombies
  An orc (D:8)
  A kobold (D:9)
89 creatures vanquished.

Vanquished Creatures (others)
  An orc knight (D:13)
  2 orc warriors
  8 orcs
  A goblin (D:3)
  4 starspawn tentacles (Abyss:3)
16 creatures vanquished.

Grand Total: 332 creatures vanquished

Notes
Turn   | Place    | Note
-------+----------+-------------------------------------------
     0 | D:1      | Ayyar the Hill Orc Monk began the quest for the Orb.
     0 | D:1      | Reached XP level 1. HP: 19/19 MP: 1/1
   287 | D:1      | Reached XP level 2. HP: 27/27 MP: 0/2
   666 | D:1      | Reached skill level 1 in Armour
   666 | D:1      | Reached XP level 3. HP: 12/33 MP: 0/3
  1208 | D:2      | Found a faded altar of an unknown god.
  1805 | D:2      | Reached XP level 4. HP: 40/40 MP: 0/4
  2182 | D:2      | Noticed Terence
  2199 | D:2      | Killed Terence
  2539 | D:3      | Reached skill level 5 in Axes
  2539 | D:3      | Reached XP level 5. HP: 35/47 MP: 0/5
  2800 | D:3      | Identified the +1 leather armour "Otaveh" {rF++ MP+9 Slay+2
                  | Stlth+}
  3044 | D:3      | Noticed Robin
  3071 | D:3      | Killed Robin
  3073 | D:3      | Reached skill level 1 in Invocations
  3483 | D:3      | Found a burning altar of Makhleb.
  3491 | D:3      | Reached skill level 1 in Shields
  3555 | D:3      | Became a worshipper of Beogh the Brigand
  3555 | D:3      | Reached * piety under Beogh
  3555 | D:3      | Reached ** piety under Beogh
  3783 | D:4      | Reached XP level 6. HP: 55/55 MP: 7/7
  3816 | D:4      | Reached skill level 1 in Throwing
  3963 | D:4      | Reached skill level 5 in Fighting
  4133 | D:4      | Found a bloodstained altar of Trog.
  4133 | D:4      | Noticed a black bear
  4133 | D:4      | Noticed a black bear
  4232 | D:4      | Noticed Ijyb
  4250 | D:4      | Killed Ijyb
  4373 | D:4      | Killed a black bear
  4374 | D:4      | Reached XP level 7. HP: 47/61 MP: 9/9
  4635 | D:5      | Entered Level 5 of the Dungeon
  4660 | D:5      | Reached skill level 6 in Axes
  4666 | D:5      | Identified the +6 dagger of Putrescence {speed, rPois rN+
                  | rCorr}
  4707 | D:5      | Found Bevihed's General Store.
  4789 | D:5      | Bought a scroll of identify for 22 gold pieces
  4789 | D:5      | Bought a scroll of enchant armour for 82 gold pieces
  4963 | D:5      | Found an opulent altar of Gozag.
  5052 | D:5      | Found a glowing golden altar of the Shining One.
  5123 | D:5      | Reached XP level 8. HP: 35/70 MP: 10/10
  5196 | D:5      | Found a runed translucent door.
  5197 | D:5      | Noticed Crazy Yiuf
  5402 | D:5      | Killed Crazy Yiuf
  5460 | D:6      | Found a blossoming altar of Fedhas.
  5485 | D:6      | Noticed Grinder
  5493 | D:6      | Paralysed by Grinder for 2 turns
  5514 | D:6      | Killed Grinder
  5623 | D:6      | Noticed Blork the orc
  5684 | D:6      | Noticed Pikel
  5821 | D:6      | Reached skill level 7 in Axes
  5862 | D:6      | Reached *** piety under Beogh
  5863 | D:6      | Reached skill level 5 in Invocations
  6195 | D:6      | Reached skill level 5 in Armour
  6344 | D:6      | Reached XP level 9. HP: 67/78 MP: 13/13
  6645 | D:7      | Noticed Duvessa
  6645 | D:7      | Noticed Dowan
  6778 | D:6      | Found a sacrificial altar of Ru.
  6937 | D:6      | Reached skill level 8 in Axes
  6937 | D:6      | Reached skill level 5 in Shields
  7286 | D:8      | Noticed Grum
  7296 | D:8      | Killed Grum
  7553 | D:8      | Found a glowing silver altar of Zin.
  7624 | D:8      | Found Wyes's Antique Armour Emporium.
  7821 | D:8      | Found a broken altar of Ashenzari.
  7871 | D:8      | Found a shadowy altar of Dithmenos.
  8173 | D:6      | Reached XP level 10. HP: 88/88 MP: 15/15
  8183 | D:6      | Reached skill level 9 in Axes
  8204 | D:6      | Found a staircase to the Ecumenical Temple.
  8216 | D:6      | Killed Pikel
  8218 | D:6      | Reached **** piety under Beogh
  8531 | D:7      | Killed Duvessa
  8537 | D:7      | Killed Dowan
  9045 | D:9      | Noticed a two-headed ogre
  9056 | D:9      | Killed a two-headed ogre
  9249 | D:9      | Noticed Psyche
  9256 | D:9      | Killed Psyche
  9899 | D:9      | Found an ornate altar of the Wu Jian Council.
  9937 | D:9      | Found a staircase to the Orcish Mines.
  9946 | D:9      | Reached skill level 10 in Axes
  9955 | D:9      | Gained Dorog as an ally
 10122 | D:9      | Identified the ring of Gotit {rF+ rCorr Str+3}
 10306 | D:10     | Entered Level 10 of the Dungeon
 10697 | D:10     | Reached XP level 11. HP: 97/97 MP: 17/17
 10865 | D:10     | Noticed a boulder beetle
 10879 | D:10     | Killed a boulder beetle
 10879 | D:10     | Reached ***** piety under Beogh
 11362 | D:11     | Noticed a death yak
 11364 | D:11     | Found a staircase to the Lair.
 11364 | D:11     | Noticed a death yak
 11364 | D:11     | Noticed a death yak
 11379 | D:11     | Killed a death yak
 11397 | D:11     | Reached skill level 10 in Fighting
 11397 | D:11     | Killed a death yak
 11407 | D:11     | Killed a death yak
 11408 | D:11     | Reached skill level 11 in Axes
 11561 | D:11     | Noticed a two-headed ogre
 11567 | D:11     | Killed a two-headed ogre
 11568 | D:11     | Reached skill level 10 in Invocations
 11911 | D:11     | Noticed Erolcha
 11921 | D:11     | Killed Erolcha
 12307 | D:12     | Noticed a deep elf pyromancer
 12326 | D:12     | Killed a deep elf pyromancer
 12602 | D:12     | Noticed a green ugly thing
 12616 | D:12     | Killed a green ugly thing
 12617 | D:12     | Reached XP level 12. HP: 59/108 MP: 18/20
 12630 | D:12     | HP: 4/108 [troll (5)]
 12846 | D:12     | Found Zuxathaps's Antique Armour Shoppe.
 13003 | D:12     | Noticed a boulder beetle
 13003 | D:12     | Noticed a boulder beetle
 13014 | D:12     | Killed a boulder beetle
 13015 | D:12     | Reached skill level 12 in Axes
 13322 | D:12     | Killed a boulder beetle
 13521 | D:13     | Noticed a catoblepas
 13528 | D:13     | Killed a catoblepas
 13590 | D:13     | Noticed a boulder beetle
 13604 | D:13     | Killed a boulder beetle
 13958 | D:13     | Reached skill level 10 in Armour
 13963 | D:13     | Noticed a vault guard
 13964 | D:13     | Noticed a two-headed ogre
 13969 | D:13     | Killed a two-headed ogre
 13981 | D:13     | Your ally Dorog died
 14161 | D:13     | Killed a vault guard
 14247 | D:13     | Found a gate to the Vaults.
 14532 | D:14     | Noticed a centaur warrior
 14541 | D:14     | Killed a centaur warrior
 14542 | D:14     | Reached skill level 10 in Shields
 14640 | D:14     | Noticed a centaur warrior
 14649 | D:14     | Killed a centaur warrior
 14650 | D:14     | Reached skill level 13 in Axes
 14658 | D:14     | Reached XP level 13. HP: 92/118 MP: 13/22
 14658 | D:14     | Gained Bogrim as an ally
 14659 | D:14     | Found an iron altar of Okawaru.
 15185 | D:14     | Cast into level 3 of the Abyss (a wizard)
 15185 | Abyss:3  | Found a corrupted altar of Lugonu.
 15331 | Abyss:3  | Noticed a revenant
 15360 | Abyss:3  | Noticed a tentacled starspawn
 15429 | Abyss:4  | Noticed an ironbound thunderhulk
 15433 | Abyss:4  | Noticed an ironbound thunderhulk
 15433 | Abyss:4  | Noticed a green very ugly thing
 15442 | Abyss:4  | Noticed a green very ugly thing
 15442 | Abyss:4  | Noticed a green very ugly thing
 15445 | Abyss:4  | Noticed a bone dragon
 15446 | Abyss:4  | Slain by a bone dragon

Illustrated notes

Levels and vault maps discovered:
D:1:      dpeg_arrival_lava_temple_mockup, layout_basic
D:2:      layout_basic, hellmonk_ecumenical_altar_leap_of_faith,
          chequers_mini_garden, uniq_terence
D:3:      layout_basic, lightli_temple_of_fire, minmay_misc_feat_iff,
          kennysheep_generic_room_5, uniq_robin
D:4:      layout_rooms, trog_ov_bears_minmay, minmay_diced_spiral, uniq_ijyb
D:5:      layout_rooms, tso_metal_star, grunt_gozag_breadcrumbs, serial_shops,
          shop, uniq_crazy_yiuf_cottage
D:6:      layout_loops_corners, nicolae_ru_path_of_blood, lemuel_doored_altar,
          temple_fountains, minmay_hedge_maze, kennysheep_nub, uniq_grinder,
          uniq_pikel, uniq_blork_the_orc
D:7:      layout_rooms, minmay_misc_feat_plants, uniq_duvessa
D:8:      layout_basic, zin_academy, nicolae_dithmenos_through_a_glass_darkly,
          nicolae_overflow_hidden_temple, serial_shops, shop, uniq_grum
D:9:      layout_layer_cave, pdpol_wu_jian_five_deadly_venoms,
          kennysheep_orc_monster_closet_entryway, uniq_psyche
D:10:     layout_basic
D:11:     layout_loops_ring, dpeg_lair_monsters, uniq_erolcha
D:12:     layout_gridville, serial_shops, shop, minmay_fractal_squares_gapless_5
D:13:     layout_rooms, david_vaults_5
D:14:     layout_layer_cave, okawaru_gym_becter, enter_trove_5
Abyss:4:  base: D:11, lemuel_flamethrower_3

Skill      XL: |  1  2  3  4  5  6  7  8  9 10 11 12 |
---------------+-------------------------------------+-----
Armour         | 1 2 3 5 6 7 9 10 | 10.7
Stealth        | 2 |  2.0
Fighting       | 4 5 6 8 9 10 12 | 12.2
Dodging        | 3 |  3.0
Axes           | 5 6 7 8 10 11 13 | 13.3
Invocations    | 1 3 5 7 9 10 12 | 12.4
Shields        | 1 2 3 4 6 7 8 10 | 10.4
Throwing       | 1 2 |  2.0

Action                   |  1- 3 |  4- 6 |  7- 9 | 10-12 | 13-15 || total
-------------------------+-------+-------+-------+-------+-------++-------
Melee: Hand axe          |   119 |   185 |   304 |   297 |       ||   905
       Punch             |     2 |       |       |       |       ||     2
       War axe           |       |       |       |    81 |    50 ||   131
Throw: Dart              |       |     6 |     4 |    18 |       ||    28
Invok: Convert to Beogh  |       |     1 |       |       |       ||     1
       Smiting           |       |       |       |     1 |       ||     1
       Recall Orcish Fol |       |       |       |     1 |       ||     1
Evoke: Wand              |       |       |       |     4 |       ||     4
  Use: Scroll            |       |       |     4 |     3 |     1 ||     8
       Potion            |       |       |     1 |     5 |       ||     6
 Stab: Distracted        |     1 |       |     1 |     2 |     2 ||     6
       Sleeping          |     1 |     4 |     9 |    10 |       ||    24
Armor: Robe              |    16 |       |       |       |       ||    16
       Ring mail         |    22 |     7 |       |       |       ||    29
       Scale mail        |       |    14 |       |       |       ||    14
       Leather armour    |       |    52 |   138 |   144 |    14 ||   348
Dodge: Dodged            |    74 |   109 |   149 |   164 |    15 ||   511
Block: Buckler           |     6 |    34 |    78 |    32 |       ||   150
       Kite shield       |       |       |       |   143 |    28 ||   171
